 Dungeon Crawl Stone Soup version 0.15.0-18-g9076a4f (webtiles) character file.

219 Kex the Insei (level 5, 0/41 HPs)
             Began as a Draconian Transmuter on Sept 7, 2014.
             Succumbed to an adder's poison
             ... on Level 2 of the Dungeon.
             The game lasted 00:13:08 (3367 turns).

Kex the Insei (Draconian Transmuter)                Turns: 3367, Time: 00:13:08

HP   0/41        AC  7     Str 12      XL: 5   Next: 63%
MP   7/9         EV 13     Int 13      God:
Gold 130         SH  0     Dex 13      Spells:  2 memorised,  5 levels left

rFire  + . .     SeeInvis .       - Unarmed
rCold  x . .     Clarity  .     (armour unavailable)
rNeg   . . .     rCorr    .     (no shield)
rPois  .         rRot     .     (helmet restricted)
rElec  .         Spirit   .     g - +0 cloak
SustAb .         Warding  .     (no gloves)
rMut   .         Stasis   .     o - +0 pair of boots
Gourm  .                        q - cursed amulet of inaccuracy
MR     .....                    (no ring)
                                n - ring of fire

@: lethally poisoned, not resistant to hostile enchantments, very unstealthy
A: unfitting armour, cold-blooded, AC +5
a: no special abilities


You were on level 2 of the Dungeon.
You were hungry.

You visited 1 branch of the dungeon, and saw 3 of its levels.

You collected 130 gold pieces.

Inventory:

Missiles
 b - 12 arrows
Armour
 g - a +0 cloak (worn)
 o - a +0 pair of boots (worn)
Magical devices
 y - a wand of random effects (12) {unknown}
Comestibles
 a - 2 bread rations
 j - 3 meat rations
 k - 2 chunks of hobgoblin flesh
 v - 4 fruits
Scrolls
 c - 2 scrolls of identify
 p - a scroll of blinking
 s - 4 scrolls of amnesia
 t - a scroll of fear
Jewellery
 n - a ring of fire (left hand)
 q - a cursed amulet of inaccuracy (around neck)
Potions
 e - 4 potions of curing {unknown}
 f - a potion of heal wounds {unknown}
 h - 2 potions of brilliance {unknown}
 i - 2 potions of cancellation {unknown}
 l - 4 potions of magic {unknown}
 m - a potion of confusion {unknown}
 r - a potion of restore abilities {unknown}
 u - a potion of haste
 w - a potion of agility {unknown}
 x - a potion of lignification {unknown}
Books
 d - a book of Changes

   Spells                             Type                      Level
   *Beastly Appendage                 Transmutation                1
   Sticks to Snakes                   Transmutation                2
   *Spider Form                       Transmutation/Poison         3
   Ice Form                           Ice/Transmutation            4
   Blade Hands                        Transmutation                5


   Skills:
 + Level 1.8 Fighting
 + Level 3.6 Dodging
 + Level 0.2 Stealth
 + Level 3.8 Unarmed Combat
 + Level 2.5 Spellcasting
 * Level 3.3 Transmutations
 + Level 0.2 Poison Magic


You had 5 spell levels left.
You knew the following spells:

 Your Spells              Type           Power        Failure   Level  Hunger
a - Beastly Appendage     Trmt           ##....       10%         1    #......
b - Spider Form           Trmt/Pois      #.........   38%         3    ####...


Dungeon Overview and Level Annotations

Branches:
Dungeon (3/15)

Altars:

Annotations:
D:3 Crazy Yiuf


Innate Abilities, Weirdness & Mutations

Your plain brown scales are hard (AC +5).
Your body does not fit into most forms of armour.
Your cold-blooded metabolism reacts poorly to cold.


Message History

The stone hits you.
* * * LOW HITPOINT WARNING * * *
The adder closely misses you.
You see here a stone.
Crazy Yiuf shouts!
The orc throws a stone.
The stone closely misses you.
You see here a stone.
Crazy Yiuf says, "Crazy?
Crazy!?
PORCUPINE!"
The orc hits you with a club.
* * * LOW HITPOINT WARNING * * *
The adder barely misses you. The adder barely misses you.
The adder bites you but does no damage.
There is a stone staircase leading up here.
The adder bites you.
* * * LOW HITPOINT WARNING * * *
You are lethally poisoned!
The adder poisons you!
You climb upwards.
You die...

##### #...# #.#.#####
#.#....<# #.#..####
######.#.....#########
....(.(..)......@....#
.....#.#####.###S###.###
####.#.# #.#.#.......#
#.#.#####.#.#..##.#.#
#.#....##...#.....#.#
####.####.####....####.#
..........# #.......##.#
..........# #.#####.##.####
..........###.#.....##....#


You could see an adder.

Vanquished Creatures
  Sigmund (D:3)
  Ijyb (D:3)
  An adder (D:2)
  4 gnolls (D:3)
  A giant mite (D:2)
  A worm (D:3)
  A giant gecko (D:3)
  An ooze (D:3)
  3 orcs (D:3)
  8 goblins
  11 hobgoblins
  5 jackals
  5 kobolds
  A quokka (D:2)
  8 bats
  2 giant newts (D:2)
  9 rats
63 creatures vanquished.

Vanquished Creatures (others)
  2 plants (D:3)
2 creatures vanquished.

Grand Total: 65 creatures vanquished

Notes
Turn   | Place    | Note
--------------------------------------------------------------
     0 | D:1      | Kex, the Draconian Transmuter, began the quest for the Orb.
     0 | D:1      | Reached XP level 1. HP: 16/16 MP: 3/3
   303 | D:1      | Reached XP level 2. HP: 20/23 MP: 2/4
  1072 | D:2      | Reached XP level 3. HP: 24/28 MP: 4/6
  1916 | D:3      | Noticed Ijyb
  1969 | D:3      | Killed Ijyb
  1969 | D:3      | Reached XP level 4. HP: 30/35 MP: 5/7
  2605 | D:3      | Reached XP level 5. HP: 35/41 MP: 7/9
  2715 | D:3      | Noticed Crazy Yiuf
  2732 | D:3      | Noticed Sigmund
  2733 | D:3      | HP: 2/41 [orc/ stone (1)]
  3280 | D:3      | Learned a level 3 spell: Spider Form
  3324 | D:3      | Killed Sigmund
  3330 | D:3      | HP: 2/41 [orc/whip (5)]
  3357 | D:3      | HP: 1/41 [orc/club (3)]
  3366 | D:3      | HP: 1/41 [adder (1)]
  3367 | D:2      | Succumbed to an adder's poison

Action                   |  1- 3 |  4- 6 || total
-------------------------+-------+-------++-------
Melee: Unarmed           |   215 |   146 ||   361
 Cast: Beastly Appendage |    23 |    15 ||    38
       Spider Form       |       |     1 ||     1
  Use: Scroll            |     7 |     2 ||     9
  Eat: Chunk             |     4 |     5 ||     9
